AoeStats
← Launger

Arabia

510187714Analyzed
4v4 RM · 4d ago on Sep 29, 2026· 25m 49s· 8 players
Game mode
Random Map
Map size
Large (8 player)
Population
200
Speed
Normal
Resources
Standard
Victory
Conquest
Starting age
Dark Age
Ending age
Imperial Age
RankedLock teamsTeams togetherTeam positionsShared explorationLock speedFull tech treeHidden civsTurbo modeCheats
Victory
Defeat
🇨🇱 Poles · Chile
1225
+8
🇵🇱 Vietnamese · Poland
1195
+9
🇹🇷 Hindustanis · Türkiye
1193
+9
🇹🇼 Persians · Taiwan
1097
+14
🇹🇷 Koreans · Türkiye
1091
-12
🇩🇪 Huns · Germany
1042
-10
🇩🇪 Danes · Germany
1021
-9
🇷🇺 Varangians · Russia
1011
-9
bad_dwarf
10:52 Feudal Age
11:22 Horse Collar
11:27 Double-Bit Axe
12:53 Bloodlines
24:31 Castle Age
KOMMEPCAHT
12:38 Feudal Age
16:54 Castle Age
16:22 Double-Bit Axe
17:14 Wheelbarrow
16:21 Horse Collar
20:42 Padded Archer Armor
Rackl Peter
7:38 Loom
9:51 Feudal Age
12:34 Double-Bit Axe
22:04 Castle Age
23:05 Pikeman
23:55 Scale Mail Armor
23:45 Arson
24:02 Squires
serqu
8:09 Loom
10:39 Feudal Age
11:38 Double-Bit Axe
21:29 Fletching
Launger
5:42 Loom
12:03 Feudal Age
13:56 Double-Bit Axe
15:36 Fletching
24:31 Castle Age
23:23 Padded Archer Armor
24:23 Wheelbarrow
24:01 Stone Mining
24:59 Crossbowman
25:40 Bodkin Arrow
26:01 Leather Archer Armor
zeyrek
7:14 Loom
9:23 Feudal Age
9:57 Double-Bit Axe
9:56 Horse Collar
18:36 Bloodlines
18:32 Scale Barding Armor
22:17 Castle Age
20:24 Scale Barding Armor
20:29 Forging
21:49 Gold Mining
22:58 Light Cavalry
23:59 Chain Barding Armor
24:04 Husbandry
24:50 Heavy Plow
26:07 Wheelbarrow
25:46 Bow Saw
Oscar_Lee
6:47 Loom
8:53 Feudal Age
9:22 Double-Bit Axe
17:15 Wheelbarrow
20:11 Castle Age
19:40 Scale Barding Armor
19:45 Forging
19:47 Bloodlines
21:10 Husbandry
21:35 Bow Saw
23:20 Gold Mining
25:38 Horse Collar
REALCARACODUENDEOFICIAL
6:40 Loom
9:16 Feudal Age
14:23 Fletching
14:55 Horse Collar
15:03 Double-Bit Axe
21:41 Castle Age
21:53 Padded Archer Armor
21:58 Crossbowman
22:49 Bodkin Arrow
25:29 Padded Archer Armor
Connection lost

Rejoining the realm…

Still unreachable

The connection could not be restored.

Session expired

The server has moved on; the page needs a fresh start.